 Dungeon Crawl Stone Soup version 0.22.0-16-gc6d26f6 (webtiles) character file.

11 letownia2 the Insei (level 2, 10/22 HPs)
             Began as a Demonspawn Transmuter on Aug 17, 2018.
             Quit the game on level 1 of the Dungeon.
             The game lasted 00:01:04 (208 turns).

letownia2 the Insei (Demonspawn Transmuter)          Turns: 208, Time: 00:01:04

Health: 10/22      AC:  3    Str: 10    XL:     2   Next: 17%
Magic:  3/5        EV: 12    Int: 14    God:
Gold:   38         SH:  0    Dex: 13    Spells: 4/5 levels left

rFire    . . .     SeeInvis .     - Unarmed
rCold    . . .     Gourm    .   (no shield)
rNeg     . . .     Faith    .   b - +0 robe
rPois    .         Spirit   .   (no helmet)
rElec    .         Reflect  .   (no cloak)
rCorr    .         Harm     .   h - +0 pair of gloves
MR       .....                  (boots currently unavailable)
Stlth    +.........             (no amulet)
HPRegen  0.07/turn              (no ring)
MPRegen  0.09/turn              (no ring)

@: appendage
A: talons 3, demonic guardian 1
a: End Transformation


You were on level 1 of the Dungeon.
You were not hungry.
You had grown temporary talons.
You visited 1 branch of the dungeon, and saw 2 of its levels.

You collected 38 gold pieces.

Inventory:

Hand Weapons
 c - a +0 hunting sling
 g - a +0 hunting sling
Missiles
 a - 12 arrows
Armour
 b - a +0 robe (worn)
 h - a +0 pair of gloves (worn)
 j - a +0 plate armour
Scrolls
 e - a scroll of fog {unknown}
 f - a scroll of remove curse {unknown}
 i - a scroll of fear {unknown}
 k - a scroll of identify {unknown}
Comestibles
 d - a ration


   Skills:
 + Level 1.7 Fighting
 - Level 1.7 Dodging
 + Level 3.0 Unarmed Combat
 - Level 2.0 Spellcasting
 - Level 1.7 Transmutations


You had 4 spell levels left.
You knew the following spells:

 Your Spells              Type           Power        Failure   Level  Hunger
a - Beastly Appendage     Tmut           #.....       12%         1    ##.....

Your spell library contained the following spells:

 Spells                   Type           Power        Failure   Level  Hunger
 Spider Form              Tmut/Pois      #.........   45%         3    ####...
 Blade Hands              Tmut           #.........   97%         5    ######.
 Ice Form                 Ice/Tmut       #.......     86%         4    #####..
 Sticks to Snakes         Tmut           #.......     17%         2    ###....


Dungeon Overview and Level Annotations

Branches:
Dungeon (2/15)

Altars:


Innate Abilities, Weirdness & Mutations

A weak demonic guardian rushes to your aid.
You have claws for feet.


Message History

You hit the ooze.
The ooze is lightly wounded.
The ooze hits you.
You hit the ooze.
The ooze is moderately wounded.
The ooze hits you.
You hit the ooze. You claw the ooze!
You kill the ooze!
Your Unarmed Combat skill increases to level 3!
You have reached level 2!
Your demonic ancestry asserts itself...
You feel the presence of a demonic guardian.
A bat and a hobgoblin come into view.
The bat misses you. The bat hits you but does no damage.
You see here a scroll labeled YHOUCENNUOSEU.
k - a scroll labeled YHOUCENNUOSEU The hobgoblin shouts!
The bat hits you but does no damage. The bat completely misses you.
Are you sure you want to abandon this character and quit the game? (Confirm with "yes".)

########.###.#
.......#.# #.#
######.#.# #.# ######
...#.....# #.#####......
##.####### #.#.......g..
##.# #............ .#.#
#....b.......
.#)#########.....$......
...............b@.......
.#.##########...........
##.# ......###......
.(.# ####### ...... ##.#
####. ...#####.#
.......... ##.....#.
##.#####


You could see a hobgoblin and 2 bats.

Vanquished Creatures
  An ooze (D:1)
  A goblin (D:1)
  2 hobgoblins (D:1)
  A kobold (D:1)
  A bat (D:2)
  A frilled lizard (D:2)
7 creatures vanquished.

Notes
Turn   | Place    | Note
-------+----------+-------------------------------------------
     0 | D:1      | letownia2 the Demonspawn Transmuter began the quest for the Orb.
     0 | D:1      | Reached XP level 1. HP: 15/15 MP: 3/3
   202 | D:1      | Reached skill level 3 in Unarmed Combat
   202 | D:1      | Gained mutation: A weak demonic guardian rushes to your aid. [demonic ancestry]
   202 | D:1      | Reached XP level 2. HP: 10/22 MP: 3/5
   208 | D:1      | Quit the game

Skill      XL: |  1 |
---------------+----+-----
Unarmed Combat | 3 |  3.0
Fighting       | |  1.7
Dodging        | |  1.7
Spellcasting   | |  2.0
Transmutations | |  1.7

Action                   || total
-------------------------++-------
Melee: Unarmed           ||    18
       Kick              ||     4
 Cast: Beastly Appendage ||     5
Armor: Robe              ||     4
Dodge: Dodged            ||    12
